 Dungeon Crawl Stone Soup version 0.24.1-11-gbbbb2193e6 (webtiles) character file.

Game seed: 2540501569367497394, levelgen mode: deterministic

114 Peloso the Shield-Bearer (level 4, -8/36 HPs)
             Began as a Demonspawn Fighter on May 13, 2020.
             Killed by divine providence
             ... invoked by an orc priest
              (12 damage)
             ... on level 3 of the Dungeon.
             The game lasted 00:03:20 (2072 turns).

Peloso the Shield-Bearer (Demonspawn Fighter)       Turns: 2072, Time: 00:03:20

Health: -8/36      AC: 11    Str: 17    XL:     4   Next: 67%
Magic:  0/4        EV:  5    Int: 10    God:
Gold:   116        SH:  9    Dex: 12    Spells: 3/3 levels left

rFire    . . .     SeeInvis .   a - +0 long sword
rCold    . . .     Gourm    .   c - +0 shield
rNeg     . . .     Faith    .   n - +0 chain mail
rPois    .         Spirit   +   (no helmet)
rElec    .         Reflect  .   (no cloak)
rCorr    .         Harm     .   (no gloves)
MR       .....                  (no boots)
Stlth    ..........             (no amulet)
HPRegen  0.12/turn              h - ring of wizardry
MPRegen  0.09/turn              (no ring)

@: no status effects
A: molten scales 1, powered by pain 1, magic shield
a: no special abilities


You were on level 3 of the Dungeon.
You were not hungry.

You visited 1 branch of the dungeon, and saw 3 of its levels.

You collected 116 gold pieces.

Inventory:

Hand Weapons
 a - a +0 long sword (weapon)
Armour
 b - a +0 scale mail
 c - a +0 shield (worn)
 n - a +0 chain mail (worn)
Jewellery
 h - a ring of wizardry (left hand)
Scrolls
 e - 5 scrolls of identify {unknown}
 g - a scroll of enchant armour {unknown}
 i - a scroll of fog {unknown}
 k - a scroll of immolation {unknown}
 l - a scroll of teleportation {unknown}
Potions
 d - 4 potions of might
 j - a potion of invisibility {unknown}
 m - a potion of curing {unknown}
Comestibles
 f - 3 rations


   Skills:
 + Level 3.6 Fighting
 + Level 2.5 Long Blades
 + Level 3.0 Armour
 + Level 0.6 Dodging
 + Level 3.8 Shields


You had 3 spell levels left.
You didn't know any spells.
Your spell library was empty.

Dungeon Overview and Level Annotations

Branches:
Dungeon (3/15)

Altars:
Uskayaw
Wu Jian


Innate Abilities, Weirdness & Mutations

You are partially covered in molten scales. (AC +2)
You sometimes gain a little power by taking damage.
When hurt, damage is shared between your health and your magic reserves.


Message History

You kill the orc!
You block the orc wizard's attack.
Unknown command.
You completely miss the orc wizard.
The orc wizard is heavily wounded.
The orc wizard points at you and mumbles some strange words.
The puff of flame hits you!
* * * LOW HITPOINT WARNING * * *
You focus on the pain.
You feel your power returning.
The orc wizard points at you and mumbles some strange words.
The puff of flame hits you.
* * * LOW HITPOINT WARNING * * *
Your chain mail prevents you from hitting the orc wizard.
The orc wizard is heavily wounded.
The orc wizard gestures at you while chanting.
The magic dart hits you.
* * * LOW HITPOINT WARNING * * *
The orc priest mumbles some strange prayers to Beogh against you.
Beogh smites you!
You die...

#.#...............
###########.#.######..######
...............รท.........>.#
###########.#.#.#..#...#####
#.#.#....#....#
#.#.#....#)...####
#.#.#....#.........# #
#.#.#...)#....####....
..#.#.@o.)...).....# ####
_.#.#<#o###........# ...#
####.###.############ ...#
...........# ...#
###......#.# ...#
###...........# ...#
.......#.#.#.... ...#
###.##.....<. ## ...# ...
..#.#$...


You could see an orc priest and an orc wizard.

Vanquished Creatures
  An orc wizard (D:3)
  3 adders
  A worm (D:2)
  3 dart slugs (D:2)
  2 leopard geckos
  2 orcs (D:3)
  5 bats (D:2)
  2 giant cockroaches
  A goblin (D:2)
  5 hobgoblins
  6 jackals
  6 kobolds
  2 quokkas (D:3)
  3 rats
42 creatures vanquished.

Notes
Turn   | Place    | Note
-------+----------+-------------------------------------------
     0 | D:1      | Peloso the Demonspawn Fighter began the quest for the Orb.
     0 | D:1      | Reached XP level 1. HP: 18/18 MP: 1/1
   361 | D:1      | Gained mutation: You sometimes gain a little power by
                  | taking damage. [demonic ancestry]
   361 | D:1      | Reached XP level 2. HP: 16/24 MP: 2/2
   634 | D:2      | Gained mutation: You are partially covered in molten
                  | scales. (AC +2) [demonic ancestry]
   634 | D:2      | Reached XP level 3. HP: 29/29 MP: 3/3
   639 | D:2      | Found an ornate altar of the Wu Jian Council.
  1473 | D:2      | Gained mutation: When hurt, damage is shared between your
                  | health and your magic reserves. [demonic ancestry]
  1473 | D:2      | Reached XP level 4. HP: 35/35 MP: 4/4
  1838 | D:3      | Found a hide-covered altar of Uskayaw.
  2072 | D:3      | Killed from afar by an orc priest

Levels and vault maps discovered:
D:1:      dpeg_arrival_arbitrary_c, layout_loops_cross,
          chequers_serial_rivers_small_b
D:2:      layout_rooms, overflow_temple_1_default
D:3:      layout_basic, overflow_temple_1_default

Skill      XL: |  1  2  3  4 |
---------------+-------------+-----
Shields        | 3 |  3.8
Long Blades    | 2 |  2.5
Armour         | 3 |  3.0
Fighting       | |  3.6
Dodging        | |  0.6

Action                   |  1- 3 |  4- 6 || total
-------------------------+-------+-------++-------
Melee: Long sword        |   127 |    66 ||   193
  Eat: Chunk             |     2 |     2 ||     4
Armor: Scale mail        |   110 |    26 ||   136
       Chain mail        |       |     5 ||     5
Dodge: Dodged            |    72 |    15 ||    87
Block: Shield            |   115 |    28 ||   143
       Rpst.: Long sword |    27 |     2 ||    29
